 Dungeon Crawl Stone Soup version 0.31-a0-691-g409c26aa35 (webtiles) character file.

Game seed: 74285742824961223

17093 Xavori the Covert (level 12, -5/92 HPs)
             Began as an Octopode Chaos Knight on Sept 7, 2023.
             Was a Plaything of Xom.
             Slain by an eight-headed hydra (6 damage)
             ... on level 11 of the Dungeon.
             The game lasted 00:19:51 (20258 turns).

Xavori the Covert (Octopode Chaos Knight)          Turns: 20258, Time: 00:19:52

Health: -5/92      AC:  9    Str:  7    XL:     12   Next: 44%
Magic:  14/20      EV: 23    Int: 14    God:    Xom [*.....]
Gold:   868        SH:  7    Dex: 15    Spells: 9/11 levels left

rFire   + + .        u - +2 dagger (venom)
rCold   . . .        B - +1 buckler
rNeg    . . .        (helmet restricted)
rPois   +            (no amulet)
rElec   .            c - ring of magical power
rCorr   .            g - ring of protection from fire
SInv    .            l - ring of wizardry
Will    +....        r - ring of willpower
Stlth   ++++++       v - +5 ring of evasion
HPRegen 1.15/turn    A - +4 ring of protection
MPRegen 0.17/turn    G - ring of protection from fire
                     J - +4 ring of protection

%: random rage (3%), wizardry (x1)
@: on berserk cooldown, slowed, very slow
A: almost no armour, amphibious, 8 rings, camouflage 1, gelatinous body 1,
(nimble swimmer 1), tentacles, antennae 1, berserk 1, clumsy 1, deterioration 1,
low MP 1, poison resistance, regeneration 1, robust 1, weak 2, MP-powered wands
a: Renounce Religion


You were on level 11 of the Dungeon.
You worshipped Xom.
You were a special plaything of Xom.
You visited 1 branch of the dungeon, and saw 11 of its levels.
You also visited: Bailey.

You collected 868 gold pieces.

Inventory:

Hand Weapons
 a - a +0 short sword of chaos
 q - the +3 Elemental Staff {ele, rElec rF+ rC+ AC+3}
   (You took it off a deep elf pyromancer on level 8 of the Dungeon)

   AC+3:      It affects your AC (+3).
   rF+:       It protects you from fire.
   rC+:       It protects you from cold.
   rElec:     It insulates you from electricity.
 u - a +2 dagger of venom (weapon)
Missiles
 w - 3 throwing nets
Armour
 B - a +1 buckler (worn)
Jewellery
 c - a ring of magical power (left tentacle)
 g - a ring of protection from fire (right tentacle)
 l - a ring of wizardry (on tentacle)
 p - a +5 ring of evasion
 r - a ring of willpower (on tentacle)
 v - a +5 ring of evasion (on tentacle)
 A - a +4 ring of protection (on tentacle)
 G - a ring of protection from fire (on tentacle)
 J - a +4 ring of protection (on tentacle)
Wands
 t - a wand of polymorph (16)
 z - a wand of charming (17)
 C - a wand of iceblast (8)
 F - a wand of digging (3)
Scrolls
 b - a scroll of butterflies
 d - a scroll of enchant armour
 i - 3 scrolls of poison
 k - 3 scrolls of teleportation
 y - 3 scrolls of enchant weapon
 I - a scroll of immolation
 L - a scroll of silence
 M - a scroll of brand weapon
 N - a scroll of fog
Potions
 e - 2 potions of might
 f - a potion of ambrosia {unknown}
 j - 3 potions of heal wounds
 m - a potion of haste {unknown}
 n - 3 potions of brilliance
 o - a potion of lignification {unknown}
 s - 2 potions of resistance
 x - a potion of curing {unknown}
 D - a potion of magic {unknown}
 E - a potion of invisibility
 H - a potion of mutation


   Skills:
 + Level 8.4 Fighting
 + Level 10.1 Short Blades
 + Level 11.0 Dodging
 + Level 12.9 Stealth
 + Level 6.5 Shields
 * Level 0.4 Spellcasting
 * Level 0.5 Hexes
 * Level 0.6 Ice Magic
 * Level 3.1 Evocations


You had 9 spell levels left.
You knew the following spells:

 Your Spells              Type           Power      Damage    Failure   Level
a - Ensorcelled Hibernat  Hex/Ice        2%         N/A       21%         2

Your spell library contained the following spells:

 Spells                   Type           Power      Damage    Failure   Level
 Passwall                 Tmut/Erth      0%         N/A       24%         2
 Sublimation of Blood     Necr           0%         N/A       24%         2
 Swiftness                Air            0%         N/A       43%         3
 Leda's Liquefaction      Hex/Erth       0%         N/A       78%         4
 Petrify                  Tmut/Erth      0%         N/A       82%         4
 Irradiate                Conj/Tmut      0%         3d11      98%         5
 Lee's Rapid Deconstruct  Erth           0%         3d4*      98%         5
 Leda's Unmaking          Conj/Erth      0%         9d1       100%        6


Dungeon Overview and Level Annotations

Branches:
Dungeon (11/15)            Temple (0/1) D:4            Lair (0/5) D:11
    Orc (0/2) D:9          Bailey (visited)

Altars:
Ashenzari
Cheibriados
Kikubaaqudgha
Nemelex Xobeh
Okawaru
Qazlal
Uskayaw
Wu Jian
Xom

Portals:
Trove: D:11 (show abyssal rune of Zot)


Innate Abilities, Weirdness & Mutations

You cannot wear most types of armour.
You are amphibious.
You can wear up to eight rings at the same time.
Your skin changes colour to match your surroundings (Stealth+).
Your rubbery body absorbs attacks. (AC +1, EV +1)
((You are camouflaged when in or above water. (Stealth+)))
You have tentacles for arms and can constrict up to eight enemies at once.
You have a pair of small antennae on your head.
You sometimes lose your temper in combat.
You are clumsy. (Dex -2)
Your body sometimes deteriorates upon taking damage.
Your magical capacity is low. (-10% MP)
Your system is resistant to poisons. (rPois)
Your natural rate of healing is unusually fast.
You are robust. (+10% HP)
You are very weak. (Str -4)
You expend magic power (3 MP) to strengthen your wands.


Message History

* * * LOW HITPOINT WARNING * * *
The eight-headed hydra misses you.
The eight-headed hydra bites you but does no damage.
You block the eight-headed hydra's attack.
The eight-headed hydra completely misses you.
The eight-headed hydra closely misses you.
Unknown command.
Unknown command.
You feel much better.
The eight-headed hydra completely misses you.
The eight-headed hydra bites you. x2
You block the eight-headed hydra's attack.
The eight-headed hydra closely misses you.
The eight-headed hydra completely misses you.
The eight-headed hydra misses you.
The eight-headed hydra closely misses you.
Aiming: Charm
Press: ? - help, Shift-Dir - straight line, f - eight-headed hydra
Aim: an eight-headed hydra (blue smoke, chance to affect: 28%)
You feel a surge of power!
The eight-headed hydra easily resists.
You hear Xom's avuncular chuckle.
The eight-headed hydra seems to speed up.
You are now a special plaything of Xom.
The eight-headed hydra misses you.
The eight-headed hydra bites you but does no damage.
The eight-headed hydra bites you! The eight-headed hydra bites you.
* * * LOW HITPOINT WARNING * * *
The eight-headed hydra misses you.
The eight-headed hydra completely misses you.
The eight-headed hydra barely misses you. x3
The eight-headed hydra completely misses you.
You block the eight-headed hydra's attack.
The eight-headed hydra misses you. The eight-headed hydra bites you!
* * * LOW HITPOINT WARNING * * *
The eight-headed hydra closely misses you. x3
The eight-headed hydra bites you!
* * * LOW HITPOINT WARNING * * *
The eight-headed hydra bites you.
You die...
Xom thinks this is hilarious!

.# ∆ #.. ..###.....# #....... .#
#.# #.#.....# #....... .#
#..##..###..# #.....#
.########..#..##..########.....#
........##....#..##............#
.........##.....##.............#
###...)...###.###§§........†...#
..#.|.........§§§§§......).....#
..#...........§§@D§|......)(...#
>##...######..§§§§§.#######....##
.#....# #..§§§§§.# #......
.#....# #.######.# #......
.#....# #.# #.# #......
.#....######.# #.# #.§....
##...........# #.# #..>...
.<...†....... #.# #......
............. .......


You could see an eight-headed hydra (fast).

Vanquished Creatures
  A boulder beetle (D:8)
  2 centaur warriors (D:11)
  2 two-headed ogres
  A glowing orange brain (D:9)
  A harpy (shapeshifter) (D:6)
  A deep elf pyromancer (D:8)
  An ugly thing (D:11)
  A manticore (D:11)
  3 cyclopes (D:11)
  Maggie (D:7)
  A rime drake (D:8)
  2 gargoyles (D:11)
  A yaktaur (D:11)
  3 trolls
  A hornet (D:9)
  5 spriggans (Bailey)
  A vampire (D:11)
  4 yaks (D:10)
  A basilisk (shapeshifter) (D:11)
  A wyvern (D:11)
  2 fire elementals (D:8)
  4 steam dragons
  4 vampire mosquitoes (D:8)
  3 acid dragons
  A water moccasin (D:8)
  3 black bears
  3 orc warriors
  A sky beast (D:7)
  2 ice beasts (D:6)
  10 ogres
  A boggart (D:11)
  6 centaurs
  3 phantoms (D:6)
  2 bullfrogs
  3 kobold brigands
  2 scorpions (D:6)
  A gnoll sergeant (D:6)
  5 wights (D:9)
  6 killer bees
  A howler monkey (D:11)
  4 jellies
  6 hounds (D:6)
  A gnoll bouda (D:5)
  An orc priest (D:6)
  2 sleepcaps
  3 iguanas (D:6)
  Natasha (twice) (D:2)
  10 orc wizards
  9 gnolls
  4 adders
  2 ufetubi (D:5)
  4 dart slugs
  3 worms
  32 orcs
  8 ball pythons
  5 bats
  7 endoplasms
  A giant cockroach (D:3)
  17 goblins
  12 hobgoblins
  3 jackals (D:4)
  3 quokkas
  27 kobolds
  5 rats
268 creatures vanquished.

Vanquished Creatures (collateral kills)
  A troll (D:9)
  A spriggan (Bailey)
  An acid dragon (D:9)
  2 orc priests
  An iguana (D:7)
  An orc wizard (D:9)
  2 gnolls (D:6)
  9 orcs
  2 kobolds (D:9)
20 creatures vanquished.

Vanquished Creatures (others)
  A human (D:4)
1 creature vanquished.

Grand Total: 289 creatures vanquished

Notes
Turn   | Place    | Note
-------+----------+-------------------------------------------
     0 | D:1      | Xavori the Octopode Chaos Knight began the quest for the
                  | Orb.
     0 | D:1      | Reached XP level 1. HP: 16/16 MP: 1/1
    93 | D:1      | XOM: smoke on damage
   186 | D:1      | XOM: divination: detect items
   190 | D:1      | Reached XP level 2. HP: 21/21 MP: 2/2
   194 | D:1      | You fall into a shaft and drop 1 floor!
  1300 | D:1      | XOM: scenery: 1 doors close
  1533 | D:1      | XOM: silly message
  2855 | D:1      | XOM is BORED!
  2855 | D:1      | XOM: give mutations
  2855 | D:1      | Gained mutation: You occasionally lose the ability to drink
                  | potions when taking damage. [Xom's mischief]
  2855 | D:1      | Gained mutation: You are weak. (Str -2) [Xom's mischief]
  3617 | D:1      | XOM: give mutations
  3617 | D:1      | Gained mutation: One of your tentacles bears a spike.
                  | [Xom's mischief]
  3617 | D:1      | Lost mutation: One of your tentacles bears a spike. [Xom's
                  | mischief]
  4072 | D:1      | XOM: summons 2 hostile shadow creatures
  4090 | D:2      | Noticed Natasha
  4104 | D:2      | Killed Natasha
  4105 | D:2      | Reached XP level 3. HP: 14/26 MP: 3/3
  4279 | D:1      | XOM: god gift: emerald ring {god gift}
  4897 | D:1      | XOM: noise
  5008 | D:1      | XOM: summons 2 hostile demons
  5943 | D:1      | XOM: give mutations
  5943 | D:1      | Gained mutation: You are clumsy. (Dex -2) [Xom's mischief]
  5943 | D:1      | Gained mutation: Your body sometimes deteriorates upon
                  | taking damage. [Xom's mischief]
  6039 | D:1      | XOM: give mutations
  6039 | D:1      | Gained mutation: You possess an exceptional clarity of
                  | mind. [Xom's grace]
  6039 | D:1      | Gained mutation: Your system is resistant to poisons.
                  | (rPois) [Xom's grace]
  6565 | D:1      | XOM: give mutations
  6565 | D:1      | Gained mutation: You have hidden genetic potential. [Xom's
                  | mischief]
  6565 | D:1      | Lost mutation: You occasionally lose the ability to drink
                  | potions when taking damage. [Xom's mischief]
  6565 | D:1      | Lost mutation: You have hidden genetic potential. [Xom's
                  | mischief]
  6606 | D:1      | XOM: summons 2 hostile demons
  6607 | D:1      | Noticed a sun demon
  6892 | D:2      | XOM: summons 2 hostile demons
  7289 | D:1      | XOM: noise
  8306 | D:1      | XOM is BORED!
  9084 | D:1      | XOM: give mutations
  9084 | D:1      | Lost mutation: Your system is resistant to poisons. (rPois)
                  | [Xom's mischief]
  9084 | D:1      | Gained mutation: You are very clumsy. (Dex -4) [Xom's
                  | mischief]
  9084 | D:1      | Gained mutation: You are very weak. (Str -4) [Xom's
                  | mischief]
  9084 | D:1      | Gained mutation: You are frail. (-10% HP) [Xom's mischief]
  9207 | D:1      | XOM: scenery: 1 doors open
  9396 | D:1      | XOM: noise
  9709 | D:2      | Reached skill level 1 in Stealth
  9807 | D:2      | Noticed Natasha
  9807 | D:2      | XOM: 2-stop teleportation journey
  9821 | D:2      | HP: 1/23 [Natasha (7)]
  9822 | D:2      | Killed Natasha
  9823 | D:2      | Reached skill level 2 in Stealth
  9823 | D:2      | Reached XP level 4. HP: 2/29 MP: 4/4
 10587 | D:3      | Lost mutation: You possess an exceptional clarity of mind.
                  | [potion of mutation]
 10587 | D:3      | Lost mutation: You are frail. (-10% HP) [potion of
                  | mutation]
 10587 | D:3      | Gained mutation: Your magical capacity is low. (-10% MP)
                  | [potion of mutation]
 10587 | D:3      | Gained mutation: You passively dampen the noise of your
                  | surroundings. [potion of mutation]
 10607 | D:3      | Found an ornate altar of the Wu Jian Council.
 10759 | D:3      | XOM: 2-stop teleportation journey
 10770 | D:3      | XOM: 4-stop teleportation journey
 10814 | D:3      | Reached skill level 3 in Stealth
 10815 | D:3      | Reached XP level 5. HP: 3/37 MP: 4/4
 11172 | D:3      | XOM: summons 1 hostile demon
 11457 | D:3      | XOM: noise
 11736 | D:3      | XOM: cloud trail
 11913 | D:3      | XOM: give mutations
 11913 | D:3      | Gained mutation: Your natural rate of healing is unusually
                  | fast. [Xom's grace]
 11913 | D:3      | Lost mutation: You are very clumsy. (Dex -4) [Xom's grace]
 11991 | D:3      | XOM: give mutations
 11991 | D:3      | Gained mutation: Your spells are a little harder to cast,
                  | but a little more powerful. [Xom's grace]
 11991 | D:3      | Gained mutation: Your flesh is cold resistant. (rC+) [Xom's
                  | grace]
 11991 | D:3      | Gained mutation: Your system is resistant to poisons.
                  | (rPois) [Xom's grace]
 12608 | D:3      | XOM: scenery: create altars
 13168 | D:4      | Noticed a black bear
 13176 | D:4      | Killed a black bear
 13177 | D:4      | Reached skill level 4 in Stealth
 13233 | D:4      | Reached XP level 6. HP: 22/43 MP: 5/5
 13259 | D:4      | Found an ancient bone altar of Kikubaaqudgha.
 13284 | D:4      | Noticed a human
 13286 | D:4      | Killed a human
 13320 | D:4      | Reached skill level 5 in Stealth
 13572 | D:4      | Found a staircase to the Ecumenical Temple.
 14298 | D:5      | Entered Level 5 of the Dungeon
 14387 | D:5      | XOM: give mutations
 14387 | D:5      | Lost mutation: Your body sometimes deteriorates upon taking
                  | damage. [Xom's mischief]
 14387 | D:5      | Lost mutation: You passively dampen the noise of your
                  | surroundings. [Xom's mischief]
 14387 | D:5      | Gained mutation: You have a pair of small antennae on your
                  | head. [Xom's mischief]
 14387 | D:5      | Gained mutation: Your body sometimes deteriorates upon
                  | taking damage. [Xom's mischief]
 14486 | D:5      | Found a broken altar of Ashenzari.
 14491 | D:5      | XOM: 3-stop teleportation journey
 14518 | D:5      | Found a sparkling altar of Nemelex Xobeh.
 14529 | D:5      | Noticed a black bear
 14546 | D:5      | XOM: confusion
 14547 | D:5      | Reached XP level 7. HP: 35/48 MP: 6/6
 14555 | D:5      | XOM: confusion
 14557 | D:5      | XOM: give mutations
 14557 | D:5      | Lost mutation: Your flesh is cold resistant. (rC+) [Xom's
                  | mischief]
 14557 | D:5      | Gained mutation: You sometimes lose your temper in combat.
                  | [Xom's mischief]
 14557 | D:5      | Gained mutation: You are robust. (+10% HP) [Xom's mischief]
 14565 | D:5      | XOM: noise
 14568 | D:5      | Reached skill level 6 in Stealth
 14612 | D:5      | Got the Directory of the Quarry
 15224 | D:6      | XOM: confusion (+ monsters)
 15253 | D:6      | Reached skill level 5 in Short Blades
 15273 | D:6      | XOM: cleaving
 15306 | D:6      | Reached XP level 8. HP: 38/59 MP: 7/7
 15330 | D:6      | XOM: divination: detect creatures
 15337 | D:6      | Reached skill level 5 in Dodging
 15337 | D:6      | Reached skill level 7 in Stealth
 15368 | D:6      | Noticed Jeremiah
 15368 | D:6      | XOM: cleaving
 15389 | D:6      | Jeremiah changed into Jeremiah the shapeshifter
 15389 | D:6      | Noticed Jeremiah (shapeshifter)
 15389 | D:6      | XOM: polymorph Jeremiah -> Jeremiah the shapeshifter
 15389 | D:6      | Jeremiah the shapeshifter changed into Jeremiah the entropy
                  | weaver
 15389 | D:6      | Noticed Jeremiah (shapeshifter)
 15390 | D:6      | Jeremiah the entropy weaver changed into Jeremiah the harpy
 15390 | D:6      | Noticed Jeremiah (shapeshifter)
 15398 | D:6      | Killed Jeremiah the harpy
 15439 | D:6      | XOM: blink monster(s)
 15452 | D:6      | Reached skill level 5 in Fighting
 15461 | D:6      | XOM: 2-stop teleportation journey
 15468 | D:6      | Reached skill level 8 in Stealth
 15536 | D:6      | Reached XP level 9. HP: 51/67 MP: 8/8
 15573 | D:6      | XOM: noise
 15997 | D:6      | XOM: summons 7 friendly demons
 16012 | D:6      | Reached skill level 1 in Shields
 16278 | D:6      | XOM: god gift: 57 gold pieces
 16308 | D:7      | Found an iron altar of Okawaru.
 16387 | D:7      | Noticed a troll
 16401 | D:7      | Killed a troll
 16408 | D:7      | Noticed Maggie
 16423 | D:7      | Killed Maggie
 16424 | D:7      | Reached skill level 9 in Stealth
 16424 | D:7      | Reached XP level 10. HP: 68/75 MP: 9/9
 16437 | D:7      | Found a stormy altar of Qazlal.
 16652 | D:7      | Found a flagged portal.
 16654 | D:7      | XOM: smoke on damage
 16656 | D:7      | XOM: smoke on damage
 16667 | D:7      | XOM: chaos upgrade
 16668 | D:7      | XOM: butterfly on damage
 16734 | Bailey   | Entered a bailey
 16788 | Bailey   | XOM: scenery: summon butterflies
 16810 | Bailey   | Reached skill level 1 in Evocations
 16857 | Bailey   | Noticed a two-headed ogre
 16858 | Bailey   | XOM: potion effect (haste)
 16877 | Bailey   | Killed a two-headed ogre
 16887 | Bailey   | XOM: 5-stop teleportation journey
 16929 | Bailey   | XOM: summons 2 friendly demons
 16973 | Bailey   | Identified the +3 acid dragon scales of Utrimast {*Slow rF+
                  | Will+ rCorr Stlth+}
 17270 | D:7      | Found a snail-covered altar of Cheibriados.
 17414 | D:8      | Reached skill level 10 in Stealth
 17447 | D:8      | Noticed a deep elf pyromancer
 17457 | D:8      | Killed a deep elf pyromancer
 17458 | D:8      | Reached XP level 11. HP: 79/82 MP: 9/9
 17483 | D:8      | XOM: chaos cloud
 17489 | D:8      | XOM: blink monster(s)
 17494 | D:8      | XOM: blink monster(s)
 17541 | D:8      | Noticed a boulder beetle
 17553 | D:8      | XOM: confusion
 17554 | D:8      | Killed a boulder beetle
 17555 | D:8      | Reached skill level 11 in Stealth
 18012 | D:8      | Reached skill level 5 in Shields
 18117 | D:8      | XOM: give mutation
 18117 | D:8      | Gained mutation: You expend magic power (3 MP) to
                  | strengthen your wands. [Xom's mischief]
 18367 | D:9      | Noticed Harold
 18368 | D:9      | XOM: enchant monster (bad)
 18376 | D:9      | Harold changed into Harold the glowing orange brain
 18376 | D:9      | Noticed Harold
 18376 | D:9      | XOM: polymorph Harold -> Harold the glowing orange brain
 18382 | D:9      | Killed Harold the glowing orange brain
 18415 | D:9      | XOM: confusion
 18569 | D:9      | Found a staircase to the Orcish Mines.
 18580 | D:9      | Reached skill level 10 in Dodging
 18829 | D:10     | Entered Level 10 of the Dungeon
 18864 | D:10     | Noticed a +0 hand axe
 18864 | D:10     | Noticed a +0 hand axe
 18866 | D:10     | Found a hide-covered altar of Uskayaw.
 19100 | D:10     | Reached skill level 12 in Stealth
 19254 | D:10     | XOM: confusion
 19362 | D:11     | Noticed a cyclops
 19363 | D:11     | XOM: noise
 19364 | D:11     | a cyclops changed into a yaktaur
 19364 | D:11     | XOM: polymorph cyclops -> yaktaur
 19365 | D:11     | Found a portal to a secret trove of treasure.
 19388 | D:11     | Noticed a brown ugly thing
 19394 | D:11     | XOM: blink monster(s)
 19404 | D:11     | Killed a brown ugly thing
 19409 | D:11     | XOM: silly message
 19416 | D:11     | Noticed a seven-headed hydra
 19495 | D:11     | Found a staircase to the Lair.
 19500 | D:11     | Noticed a deep elf pyromancer
 19503 | D:11     | XOM: silly message
 19506 | D:11     | Noticed a cyclops
 19547 | D:11     | Noticed a manticore
 19548 | D:11     | XOM: divination: detect items
 19562 | D:11     | XOM: scenery: 1 doors open, 1 doors close
 19575 | D:11     | XOM: scenery: 1 doors open, 1 doors close
 19577 | D:11     | Killed a manticore
 19577 | D:11     | HP: 6/126 [cyclops (13)]
 19578 | D:11     | Killed a cyclops
 19578 | D:11     | XOM: scenery: 1 doors open, 2 doors close
 19579 | D:11     | Reached XP level 12. HP: 7/90 MP: 10/10
 19592 | D:11     | Identified the +5 morningstar of Cowardice {flame, rN+
                  | Int+2}
 19592 | D:11     | Noticed a centaur warrior
 19596 | D:11     | XOM: divination: detect creatures
 19599 | D:11     | Killed a centaur warrior
 19644 | D:11     | Noticed a centaur warrior
 19644 | D:11     | XOM: draining
 19652 | D:11     | XOM: noise
 19653 | D:11     | XOM: cleaving
 19654 | D:11     | XOM: confuse monster(s)
 19664 | D:11     | Killed a centaur warrior
 19666 | D:11     | Reached skill level 10 in Short Blades
 19689 | D:11     | XOM: cast spell 'Summon Small Mammal'
 19907 | D:11     | XOM: fog
 19908 | D:11     | XOM: enchant monster (bad)
 19938 | D:10     | XOM: give mutation
 19938 | D:10     | Lost mutation: Your spells are a little harder to cast, but
                  | a little more powerful. [Xom's mischief]
 20144 | D:11     | Identified the staff "Xakyakk" {rF+ rN+ rCorr Necro}
 20196 | D:11     | XOM: noise
 20211 | D:11     | Noticed a skyshark
 20214 | D:11     | Learned a level 2 spell: Ensorcelled Hibernation
 20221 | D:11     | Noticed a two-headed ogre
 20226 | D:11     | a skyshark changed into a shapeshifter
 20226 | D:11     | XOM: polymorph skyshark -> shapeshifter
 20238 | D:11     | Killed a two-headed ogre
 20242 | D:11     | Noticed an eight-headed hydra
 20245 | D:11     | XOM: noise
 20258 | D:11     | XOM: enchant monster (bad)
 20258 | D:11     | HP: 1/92 [eight-headed hydra (10)]
 20258 | D:11     | Slain by an eight-headed hydra

Illustrated notes

Levels and vault maps discovered:
D:1:      dpeg_arrival_fog, layout_basic
D:2:      layout_basic, uniq_natasha
D:3:      layout_basic, old_standard_altar
D:4:      kennysheep_goblin_castle, layout_layer_cave, tgw_kikubaaqudgha,
          minmay_temple_entry_gardened_gates
D:5:      layout_basic, mainiacjoe_overflow_tiny_flanked,
          nemelex_xobeh_ov_fountains_minmay, minmay_checkerbox
D:6:      kennysheep_housing_project, layout_cave_pools,
          ebering_dispersal_statue_hall, hangedman_abyss_or_decor_stagger,
          uniq_jeremiah
D:7:      layout_basic, lemuel_round_altar, okawaru_trees_1,
          cheibrodos_worm_habitat, enter_bailey_3, uniq_maggie
D:8:      layout_loops_cross, dilly_guarded_unrand_elemental_staff
D:9:      layout_roguey, david_orc_2, hangedman_decor_points, uniq_harold
D:10:     layout_roguey, dancing_weapons_uskayaw, chequers_serial_rivers_micro_b
D:11:     minmay_the_grid_octo_tiled_squarecenter
          [minmay_the_grid_octo_pinwheel, minmay_the_grid_octo_empty,
          minmay_the_grid_octo_fan_narrow, minmay_the_grid_octo_empty,
          minmay_the_grid_square_5x5_megaprize_open,
          minmay_the_grid_square_5x5_broken_cross,
          minmay_the_grid_square_5x5_fat_x,
          minmay_the_grid_square_5x5_spiral_small,
          minmay_the_grid_square_5x5_seven], layout_irregular_city,
          nicolae_trove_entry_crossroad

Skill      XL: |  1  2  3  4  5  6  7  8  9 10 11 12 |
---------------+-------------------------------------+-----
Stealth        | 2 3 4 5 6 8 9 10 12 | 12.9
Dodging        | 3 4 6 8 9 10 11 | 11.0
Short Blades   | 4 5 7 8 9 10 | 10.1
Fighting       | 4 5 6 7 8 |  8.4
Shields        | 2 4 6 |  6.5
Evocations     | 2 3 |  3.1
Spellcasting   | |  0.4
Hexes          | |  0.5
Ice Magic      | |  0.6

Action                     |  1- 3 |  4- 6 |  7- 9 | 10-12 || total
---------------------------+-------+-------+-------+-------++-------
  Melee: Short sword       |    80 |   202 |       |       ||   282
         Constrict         |    14 |    39 |    37 |    54 ||   144
         Tentacles         |     8 |    44 |    70 |   157 ||   279
         Punch             |     1 |     5 |     2 |    12 ||    20
         Dagger            |       |    17 |   253 |   533 ||   803
   Cast: Ensorcelled Hiber |       |       |       |     1 ||     1
  Evoke: Wand              |       |       |     4 |    13 ||    17
    Use: Potion            |       |     4 |     2 |     6 ||    12
         Scroll            |       |       |     8 |     9 ||    17
   Stab: Sleeping          |     3 |    13 |     4 |    18 ||    38
         Paralysed         |       |     1 |       |     1 ||     2
         Distracted        |       |       |     2 |     1 ||     3
         Invisible         |       |       |       |     4 ||     4
         Confused          |       |       |       |     1 ||     1
 Armour: Skin              |    44 |   100 |   116 |   163 ||   423
  Dodge: Dodged            |    50 |   127 |   214 |   390 ||   781
  Block: Buckler           |       |       |    34 |   155 ||   189

Table legend: (Time is in decaauts)
 A = Elapsed time spent in this place.
 B = Non-inter-level travel time spent in this place.
 C = Inter-level travel time spent in this place.
 D = Time resting spent in this place.
 E = Time spent auto-exploring this place.
 F = Levels seen in this place.
 G = Mean time per level.
                   A        B        C        D        E       F      G
               +--------+--------+--------+--------+--------+-----+--------+
         Total |  20168 |  19947 |    221 |  11707 |   5713 |  12 | 1680.7 |
       Dungeon |  19854 |  19633 |    221 |  11671 |   5628 |  11 | 1804.9 |
        Bailey |    314 |    314 |      0 |     35 |     85 |   1 |  314.0 |
               +--------+--------+--------+--------+--------+-----+--------+

Top non-repeatable levels by time:
     D:1: 8723 daAuts
     D:3: 2880 daAuts
     D:2: 1526 daAuts
     D:4: 1128 daAuts
     D:6: 1099 daAuts
     D:5: 919 daAuts
    D:10: 880 daAuts
     D:8: 774 daAuts
     D:7: 764 daAuts
     D:9: 621 daAuts
    D:11: 535 daAuts
  Bailey: 314 daAuts
